 Dungeon Crawl Stone Soup version 0.17-a0-1954-g0dddeaa (webtiles) character file.

93 wvc the Sneak (level 4, -3/23 HPs)
             Began as a Vine Stalker Assassin on Oct 3, 2015.
             Slain by Sigmund
             ... wielding a +2 scythe of protection
              (10 damage)
             ... on level 3 of the Dungeon.
             The game lasted 00:03:03 (1436 turns).

wvc the Sneak (Vine Stalker Assassin)               Turns: 1436, Time: 00:03:03

Health: -3/23      AC:  3    Str: 14    XL:     4   Next: 61%
Magic:  0/5        EV: 11    Int: 11    God:
Gold:   97         SH:  4    Dex: 16    Spells: 0 memorised, 3 levels left

rFire  . . .     SeeInvis .     a - +2 dagger
rCold  . . .     Clarity  .     c - +0 robe
rNeg   . . .     SustAt   .     y - +0 buckler (curse)
rPois  .         Gourm    .     (no helmet)
rElec  .         Spirit   +     x - +0 cloak
rCorr  .         Warding  .     (no gloves)
rMut   .         Stasis   .     (no boots)
MR     .....                    (no amulet)
Stlth  +++.......               (no ring)
                                (no ring)

@: not resistant to hostile enchantments, fairly stealthy
A: fangs 2, regeneration 1, magic shield, antimagic bite, no device heal 3, rot
immunity
a: no special abilities


You were on level 3 of the Dungeon.
You were not hungry.

You visited 1 branch of the dungeon, and saw 3 of its levels.

You collected 97 gold pieces.

Inventory:

Hand weapons
 a - a +2 dagger (weapon)
 b - a +0 blowgun
Missiles
 e - 5 poisoned needles
 f - 2 curare-tipped needles
Armour
 c - a +0 robe (worn)
 x - a +0 cloak (worn)
 y - a cursed +0 buckler (worn)
Jewellery
 h - an uncursed ring of fire
 j - an uncursed amulet of resist mutation
 l - an uncursed amulet of faith
 v - an uncursed ring of wizardry {unknown}
Scrolls
 i - a scroll of recharging {unknown}
 n - 3 scrolls of identify {unknown}
 o - 2 scrolls of teleportation {unknown}
 p - a scroll of enchant armour {unknown}
 r - a scroll of amnesia {unknown}
 t - 2 scrolls of magic mapping {unknown}
 z - a scroll of enchant weapon {unknown}
Potions
 d - a potion of curing {unknown}
 k - 2 potions of degeneration {unknown}
 m - a potion of cure mutation {unknown}
 q - a potion of resistance {unknown}
 s - a potion of haste {unknown}
Comestibles
 g - 2 bread rations
 u - a meat ration
 A - 3 chunks of flesh


   Skills:
 - Level 1.7 Fighting
 * Level 4.1 Short Blades
 - Level 1.7 Throwing
 - Level 0.7 Dodging
 - Level 4.8 Stealth
 + Level 0.3 Shields


You had 3 spell levels left.
You didn't know any spells.

Dungeon Overview and Level Annotations

Branches:
Dungeon (3/15)

Altars:
Makhleb

Annotations:
D:3 Sigmund


Innate Abilities, Weirdness & Mutations

You have extremely sharp teeth.
Your natural rate of healing is unusually fast.
When hurt, damage is shared between your health and your magic reserves.
Your bite disrupts and absorbs the magic of your enemies.
Potions and wands cannot restore your health.
You are immune to rotting.


Message History

Aim: Sigmund, wielding a scythe of protection and wearing an embroidered robe (lightly wounded, poisoned)
You throw a throwing net. The throwing net barely misses Sigmund.
The throwing net hits the plant.
The net is caught on the plant!
Wield which item (- for none, * to show all)? (? for menu, Esc to quit)
You can't wield jewellery.
Sigmund's eyes start glowing with a red light.
Sigmund gestures at you while chanting. The puff of flame hits you!
Wield which item (- for none, * to show all)? (? for menu, Esc to quit)
Okay, then.
Sigmund casts a spell.
Sigmund flickers and vanishes!
Deactivating autopickup; reactivate with Ctrl-A.
Something hits you but does no damage. You block the river rat's attack.
You barely miss something. The river rat bites you.
You hit something but do no damage. Something hits you!
You hit something. The river rat barely misses you.
You hit something but do no damage. Your bite misses something.
Something hits you!
You die...

.####....#### ..
.♣##...#.♣..♣#.##.# . P.
♣.♣P#..♣♣.PP♣P.P#.# .♣♣§P
♣.P.PP♣..♣♣♣P.♣♣PP♣♣.♣§♣
P...♣..PP♣P....P.P..PP♣♣.
.♣..♣P♣......P.#...#§..P.
P♣.♣♣♣P.♣..P.....[...((.♣
.♣♣.♣PPP.♣...#..)_)..#..P
.♣ P♣.P♣........@{.......
.♣♣..♣..P......#.r.#...♣.
♣♣P♣.♣...♣P..8...♣.♣ ...
♣P♣.P.♣.P♣♣♣.P♣..P..♣ . ♣
♣.♣.♣..♣..♣..P.♣..PP ♣
♣♣♣..♣P♣[♣♣.♣♣♣.♣♣♣
♣§♣♣♣♣. ..♣ .. P♣♣.P §♣
PP♣♣♣. .P. ....♣ §


You could see a river rat.

Vanquished Creatures
  2 gnolls (D:3)
  An adder (D:3)
  2 river rats (D:3)
  An ooze (D:1)
  A worm (D:2)
  An orc (D:3)
  4 giant cockroaches
  4 goblins
  4 hobgoblins
  3 kobolds
  2 quokkas (D:2)
  5 bats
  A giant gecko (D:1)
  2 giant newts (D:2)
  2 jackals (D:1)
  7 rats
42 creatures vanquished.

Vanquished Creatures (others)
  A plant (D:3)
1 creature vanquished.

Grand Total: 43 creatures vanquished

Notes
Turn   | Place    | Note
--------------------------------------------------------------
     0 | D:1      | wvc the Vine Stalker Assassin began the quest for the Orb.
     0 | D:1      | Reached XP level 1. HP: 11/11 MP: 2/2
   221 | D:1      | Reached XP level 2. HP: 12/15 MP: 3/3
   719 | D:2      | Reached XP level 3. HP: 18/18 MP: 4/4
  1251 | D:3      | Reached XP level 4. HP: 21/23 MP: 5/5
  1412 | D:3      | Found a burning altar of Makhleb.
  1420 | D:3      | Noticed Sigmund
  1436 | D:3      | Slain by Sigmund

Vault maps used:
D:1:      lightli_iron_boxes
D:3:      wad_woods_stonehenge, first_bread, uniq_sigmund

Action                   |  1- 3 |  4- 6 || total
-------------------------+-------+-------++-------
Melee: Dagger            |    85 |    29 ||   114
 Fire: Blowgun           |       |     3 ||     3
Throw: Throwing net      |       |     1 ||     1
 Stab: Sleeping          |     7 |     2 ||     9
  Eat: Chunk             |       |     2 ||     2
